Map: Cerulean Fall LE

Players

Rogue

  • Race: Zerg Zerg
  • Spawn Location: 1:00

TYTY (TY) - Winner!

  • Race: Terran Terran
  • Spawn Location: 7:00

Event: 2018 WCS Global Finals

VOD

Have the link to the VOD?

Description

Time

  • Played on: Nov. 2, 2018, 6:15 p.m.
  • Length: 11:26

All games in this series

Show
View Real Time Build Order
Export as new Build Order

Rogue Zerg 

Build Orders: Hatch First 

Get SALT Encoding   

  12  0:00  Drone  
  13  0:13  Overlord  
  13  0:17  Drone  
  14  0:31  Drone x2  
  16  0:49  Hatchery  
  15  0:52  Drone  
  15  0:56  Drone  
  17  0:59  Drone  
  18  1:10  Extractor  
  17  1:14  Spawning Pool  
  17  1:17  Drone  
  17  1:20  Drone  
  18  1:29  Drone  
  19  1:39  Drone  
  20  1:48  Hatchery  
  20  1:52  Drone  
  20  2:01  Queen  
  20  2:05  Zergling x2  
  20  2:07  Zergling x2  
  24  2:11  Drone  
  24  2:13  Drone  
  26  2:20  Metabolic Boost  
  26  2:25  Overlord  
  26  2:29  Drone  
  27  2:35  Drone  
  28  2:46  Drone x3, Queen  
  33  2:52  Queen  
  33  2:58  Drone  
  36  3:01  Queen  
  36  3:05  Overlord  
  38  3:08  Drone  
  38  3:10  Drone  
  38  3:11  Drone  
  41  3:15  Drone  
  41  3:17  Overlord  
  42  3:24  Drone x2  
  44  3:27  Queen  
  44  3:30  Drone  
  44  3:32  Overlord  
  47  3:38  Drone x3  
  50  3:41  Queen  
  52  3:50  Drone x3  
  55  3:56  Zergling x2  
  55  3:58  Zergling x6  
  55  3:59  Roach Warren  
  55  4:01  Zergling x2  
  59  4:03  Drone x2  
  59  4:07  Drone x2  
  59  4:09  Spore Crawler  
  62  4:11  Overlord  
  62  4:12  Drone  
  62  4:13  Drone  
  64  4:19  Extractor  
  64  4:20  Extractor  
  62  4:25  Drone x4  
  62  4:28  Overlord  
  66  4:36  Overlord  
  66  4:37  Drone x3  
  66  4:38  Drone x2  
  71  4:41  Extractor x2  
  69  4:46  Overlord  
  69  4:51  Overlord  
  69  4:52  Drone  
  69  4:53  Drone x5  
  69  4:54  Drone  
  69  4:57  Overlord  
  75  5:00  Lair  
  75  5:02  Roach  
  75  5:04  Roach  
  79  5:07  Roach  
  79  5:08  Roach x2  
  79  5:10  Overlord  
  85  5:16  Roach x2  
  85  5:18  Roach  
  85  5:21  Roach x2  
  95  5:22  Overlord  
  94  5:30  Drone x3  
  94  5:32  Drone x2  
  99  5:35  Drone  
  99  5:38  Drone  
  99  5:39  Evolution Chamber x2  
  99  5:43  Drone x2  
  99  5:44  Drone x2  
  99  5:47  Overlord  
  103  5:52  Drone x2  
  103  5:55  Overlord  
  103  5:56  Roach x3  
  111  5:58  Ravager x2  
  111  5:59  Ravager  
  113  6:04  Overlord  
  113  6:05  Glial Reconstitution  
  113  6:06  Zerg Ground Armor Level 1, Zerg Missile Weapons Level 1  
  113  6:08  Overseer  
  113  6:16  Hatchery  
  112  6:22  Roach x5  
  123  6:33  Roach x7  
  123  6:39  Overlord  
  135  6:42  Roach  
  135  6:46  Overlord, Roach x4  
  135  6:47  Overlord  
  145  6:50  Overlord  
  145  7:00  Roach x4  
  152  7:01  Overlord x2  
  152  7:06  Roach  
  156  7:08  Roach  
  156  7:10  Roach  
  156  7:13  Roach  
  160  7:17  Zergling x6  
  160  7:18  Ravager  
  160  7:19  Ravager x3  
  160  7:21  Zergling x2  
  167  7:24  Zergling x4  
  169  7:31  Hatchery  
  169  7:33  Roach x4  
  169  7:34  Roach  
  177  7:39  Ravager  
  177  7:41  Ravager  
  177  7:42  Zergling x10  
  184  7:46  Zergling x10  
  184  7:48  Zergling x2  
  191  7:51  Ravager x2  
  191  7:54  Zergling x2  
  191  7:56  Ravager, Zergling x2  
  195  8:01  Zergling x8  
  199  8:06  Extractor  
  199  8:07  Zergling x2  
  195  8:18  Roach  
  195  8:19  Roach  
  163  8:23  Roach x5  
  163  8:24  Roach x6  
  136  8:30  Roach  
  136  8:31  Roach x4  
  136  8:33  Zergling x2  
  133  8:38  Drone x7  
  135  8:41  Drone x2  
  135  8:42  Drone  
  135  8:47  Roach x2  
  141  8:49  Overseer x2  
  141  8:50  Drone x2  
  134  8:58  Roach x4  
  123  9:04  Roach x2  
  123  9:05  Zergling x4  
  123  9:08  Ravager x2  
  123  9:09  Zergling x6  
  124  9:22  Drone  
  124  9:23  Drone x10  
  129  9:30  Ravager  
  129  9:31  Ravager x2  
  132  9:37  Drone  
  132  9:38  Drone x3  
  136  9:40  Drone x3  
  139  9:48  Drone x2  
  139  9:49  Overseer  
  139  9:51  Extractor, Zergling x22  
  151  10:01  Drone  
  151  10:05  Roach  
  151  10:06  Roach x5  
  163  10:07  Drone  
  162  10:23  Infestation Pit  
  162  10:24  Drone x5, Extractor, Queen  
  162  10:25  Baneling Nest  
  162  10:28  Queen  
  168  10:36  Zergling x16  
  168  10:37  Zergling x10  
  181  10:43  Ravager x3  
  181  10:44  Ravager x4, Zergling x2  
  181  10:47  Overlord  
  181  10:49  Roach  
  191  10:52  Roach x3  
  191  10:54  Ravager  
  191  10:55  Ravager  
  196  11:01  Ravager  
  191  11:04  Roach x2  
  191  11:06  Zergling x16  
Show
View Real Time Build Order
Export as new Build Order

TYTY Terran - Winner!

Build Orders: Reaper Expand 

Get SALT Encoding   

  12  0:00  SCV  
  13  0:12  SCV  
  14  0:18  Supply Depot  
  14  0:24  SCV  
  15  0:39  SCV  
  15  0:41  Barracks  
  16  0:43  Refinery  
  16  0:51  SCV  
  17  1:04  SCV  
  18  1:16  SCV  
  19  1:28  Reaper, Orbital Command  
  20  1:40  Command Center  
  20  1:52  Supply Depot  
  20  1:54  SCV  
  20  2:00  Marine  
  22  2:06  SCV  
  22  2:08  Factory  
  23  2:19  SCV  
  23  2:21  Barracks Reactor  
  24  2:31  SCV  
  25  2:38  Command Center  
  25  2:43  SCV  
  26  2:52  Orbital Command  
  26  2:55  SCV  
  27  3:02  Starport  
  27  3:05  Hellion  
  29  3:08  SCV  
  32  3:13  Hellion  
  32  3:17  Refinery  
  32  3:18  SCV  
  33  3:20  Marine  
  33  3:23  SCV  
  37  3:27  Hellion  
  37  3:32  SCV  
  38  3:36  Hellion  
  38  3:37  SCV  
  38  3:38  Marine  
  38  3:40  Starport Tech Lab  
  42  3:44  SCV  
  42  3:45  Supply Depot  
  43  3:50  Hellion  
  43  3:51  SCV  
  43  3:55  Orbital Command  
  46  3:56  SCV  
  47  4:03  Raven  
  47  4:05  SCV  
  47  4:08  SCV  
  51  4:10  Barracks Tech Lab  
  51  4:13  Supply Depot  
  51  4:17  SCV  
  52  4:20  SCV  
  53  4:25  SCV  
  53  4:28  Stimpack, Marine  
  53  4:29  SCV  
  55  4:34  SCV  
  55  4:35  Barracks  
  55  4:36  Barracks  
  55  4:37  Supply Depot, SCV  
  57  4:42  SCV  
  58  4:45  Marine  
  58  4:46  SCV  
  58  4:49  Siege Tank  
  58  4:50  Refinery, SCV  
  58  4:52  Refinery  
  64  4:54  SCV  
  64  4:57  Supply Depot  
  65  5:00  Supply Depot  
  65  5:02  Starport Reactor  
  65  5:03  Marine  
  65  5:06  SCV x2  
  68  5:12  Supply Depot  
  68  5:14  Engineering Bay  
  68  5:15  Engineering Bay, SCV  
  70  5:21  Siege Tank, Marine, SCV  
  70  5:22  SCV  
  70  5:27  Marine x2, SCV  
  78  5:33  SCV  
  79  5:39  Orbital Command  
  79  5:41  Terran Infantry Weapons Level 1, Terran Infantry Armor Level 1, Marine  
  80  5:43  Barracks  
  80  5:44  SCV  
  80  5:45  Marine  
  80  5:46  Starport Reactor, Barracks  
  80  5:47  Marine x2  
  80  5:49  Orbital Command  
  84  5:53  SCV  
  84  5:56  Supply Depot, SCV  
  86  5:57  Siege Tank  
  86  5:59  Marine  
  86  6:00  Marine  
  86  6:03  Marine  
  90  6:05  Marine  
  90  6:06  Bunker  
  90  6:09  Marine  
  92  6:11  SCV x2  
  92  6:17  Marine  
  96  6:20  Marine, Marauder  
  96  6:25  SCV x2  
  100  6:26  Medivac x2, SCV  
  100  6:27  Marine  
  106  6:33  Armory  
  106  6:35  Refinery  
  106  6:36  Barracks Reactor  
  106  6:37  Barracks Reactor, SCV x2, Marine x2  
  106  6:39  SCV  
  111  6:42  Supply Depot  
  111  6:43  Marine x2  
  111  6:45  Marine  
  117  6:53  Combat Shield  
  116  6:55  Marine  
  116  6:58  Supply Depot  
  116  6:59  Supply Depot  
  117  7:03  Marine x3  
  117  7:04  Medivac x2  
  117  7:06  Supply Depot  
  122  7:08  Supply Depot  
  122  7:10  Supply Depot  
  122  7:12  Siege Tank, Missile Turret  
  125  7:17  Missile Turret  
  125  7:19  SCV, Marine x5  
  125  7:20  Marine  
  125  7:21  Marine  
  135  7:25  Supply Depot  
  135  7:26  Marine x2  
  135  7:35  Barracks  
  135  7:36  SCV x2, Barracks x2  
  137  7:37  Marine x4  
  142  7:44  Marine x4  
  142  7:45  Marauder  
  142  7:46  Siege Tank  
  142  7:50  Medivac x2  
  154  7:51  Supply Depot  
  154  7:55  Marine  
  154  7:57  Marine x2  
  157  7:58  Terran Infantry Weapons Level 2  
  157  7:59  Marine  
  157  8:02  Marine  
  158  8:06  Marine x4  
  158  8:12  Concussive Shells  
  162  8:16  Marine x3  
  162  8:17  Marine  
  162  8:18  Siege Tank  
  146  8:20  Marine  
  146  8:23  Marine x2, SCV x2  
  146  8:24  Marine x2  
  118  8:30  SCV  
  110  8:34  Marine x3  
  110  8:35  Marine  
  110  8:37  SCV x2  
  110  8:38  Marine  
  113  8:41  Marine x3  
  113  8:42  Marine  
  117  8:48  Barracks Tech Lab x2  
  117  8:50  Siege Tank  
  118  8:57  Marine x6  
  118  8:59  Marine x2  
  118  9:00  Marauder  
  118  9:01  Liberator x2  
  124  9:09  Marine, Marauder x2  
  121  9:15  Marine x3  
  122  9:18  Unknown  
  122  9:19  Unknown  
  122  9:22  Marine x2, Marauder  
  122  9:23  Marine x2  
  122  9:24  Barracks Tech Lab  
  134  9:30  Marauder  
  136  9:32  Siege Tank  
  136  9:34  Marine  
  136  9:35  Marine, Marauder  
  136  9:36  Marine x2  
  145  9:40  Missile Turret  
  145  9:43  Marauder  
  147  9:46  Marine x2, Marauder  
  147  9:47  Supply Depot  
  147  9:48  Supply Depot  
  147  9:51  Marauder  
  153  9:53  Marine x2  
  153  9:56  Marauder  
  157  10:05  Supply Depot  
  157  10:09  Marine x2, Marauder x2  
  157  10:13  Marauder  
  164  10:18  Marine x2  
  164  10:20  Marine x2  
  170  10:25  Siege Tank  
  171  10:28  Marine x4  
  171  10:34  Marine x4  
  179  10:40  Unknown x2  
  179  10:52  Marauder  
  179  10:53  Supply Depot  
  179  10:54  Supply Depot  
  181  11:06  Marine  
  181  11:07  Marine  
Tags
 
Add a new tag
Caveats
  • Supply blocks, unpowered buildings, or Contaminate may cause inaccurate times.
  • Supply counts are checked every 10 seconds.